 Dungeon Crawl Stone Soup version 0.30.1-9-gdf580d7c3d (webtiles) character file.

Game seed: 1655942599994982045

17628 Wiggles the Severer (level 12, -1/110 HPs)
             Began as a Minotaur Berserker on Sept 28, 2023.
             Was an Elder of Trog.
             Slain by a wraith (4 damage)
             ... on level 12 of the Dungeon.
             The game lasted 00:17:24 (10742 turns).

Wiggles the Severer (Minotaur Berserker)           Turns: 10742, Time: 00:17:24

Health: -1/110     AC: 20    Str: 33    XL:     12   Next: 20%
Magic:  11/11      EV: 15    Int:  4    God:    Trog [****..]
Gold:   1325       SH:  0    Dex: 10    Spells: 11/11 levels left

rFire   . . .        z - +6 executioner's axe (heavy)
rCold   . . .        (shield currently unavailable)
rNeg    . . .        y - +0 plate armour
rPois   .            s - +2 hat
rElec   .            (no cloak)
rCorr   .            w - +0 pair of gloves
SInv    .            r - +0 pair of boots
Will    .....        (no amulet) Stlth
                     p - +6 ring of strength
HPRegen 0.38/turn    D - +5 ring of evasion
MPRegen 0.12/turn

%: no passive effects
@: on berserk cooldown, slowed, very slow
A: horns 2, retaliatory headbutt
a: Renounce Religion, Berserk, Trog's Hand, Brothers in Arms


You were on level 12 of the Dungeon.
You worshipped Trog.
Trog was greatly pleased with you.
You visited 1 branch of the dungeon, and saw 12 of its levels.

You collected 1410 gold pieces.
You spent 85 gold pieces at shops.

Inventory:

Hand Weapons
 d - a +3 battleaxe
 z - a +6 heavy executioner's axe (weapon)
Armour
 r - a +0 pair of boots (worn)
 s - a +2 hat (worn)
 w - a +0 pair of gloves (worn)
 y - a +0 plate armour (worn)
Jewellery
 p - a +6 ring of strength (left hand)
 D - a +5 ring of evasion (right hand)
Wands
 b - a wand of roots (21)
 t - a wand of flame (55)
 v - a wand of acid (11)
 x - a wand of polymorph (6)
 E - a wand of paralysis (7)
Scrolls
 g - 2 scrolls of vulnerability
 i - 6 scrolls of immolation
 j - 4 scrolls of fear
 k - 3 scrolls of teleportation
 B - 3 scrolls of fog
Potions
 a - 5 potions of curing
 c - 2 potions of berserk rage
 e - 2 potions of brilliance {unknown}
 f - a potion of lignification {unknown}
 h - 3 potions of attraction
 l - 2 potions of flight {unknown}
 m - 5 potions of degeneration
 n - a potion of ambrosia {unknown}
 q - 8 potions of might
 u - a potion of haste {unknown}
 A - a potion of invisibility {unknown}
 C - a potion of magic {unknown}


   Skills:
 + Level 11.5 Fighting
 + Level 17.4 Axes
 + Level 12.0 Armour
 + Level 4.7 Dodging
 + Level 1.0 Stealth


You had 11 spell levels left.
You didn't know any spells.
Your spell library was empty.

Dungeon Overview and Level Annotations

Branches:
Dungeon (12/15)            Temple (0/1) D:6            Lair (0/5) D:8
    Orc: D:9-12

Altars:
Ashenzari
Fedhas
Hepliaklqana
Kikubaaqudgha
Makhleb
Okawaru
Qazlal
Trog
Uskayaw
Xom
Yredelemnul
Zin

Shops:
D:3 *   D:5 :   D:7 :   D:8 [   D:9 [(


Innate Abilities, Weirdness & Mutations

You have a pair of horns on your head.
You reflexively headbutt those who attack you in melee.


Message History

You are too confused!
You bump into the metal wall.
The boulder beetle hits you!
The boulder beetle stops rolling and uncurls.
The wraith hits you. The wraith drains your vigour!
You feel as though you will be slow longer.
The boulder beetle bites you!
* * * LOW HITPOINT WARNING * * *
The wraith barely misses you. The boulder beetle bites you!
* * * LOW HITPOINT WARNING * * *
You slice the boulder beetle like a ripe choko!!!
The boulder beetle is heavily wounded.
You miss the wraith.
You hit the boulder beetle but do no damage.
The boulder beetle misses you. The boulder beetle bites you.
* * * LOW HITPOINT WARNING * * *
The wraith misses you. The boulder beetle bites you.
* * * LOW HITPOINT WARNING * * *
The wraith hits you but does no damage.
The boulder beetle leaps!
The boulder beetle falls through a shaft!
The shaft crumbles and collapses.
You bump into the metal wall.
You feel less confused.
The boulder beetle bites you but does no damage.
Something closely misses you. Something bites you but does no damage.
The wraith hits you but does no damage.
The boulder beetle leaps!
The wraith completely misses you. Something hits you but does no damage.
Something bites you but does no damage. The wraith barely misses you.
You furiously retaliate!
You headbutt the wraith, but do no damage.
Your ogre goes berserk!
Trog will no longer gift you weapons. Something hits you but does no damage.
Something bites you but does no damage. The wraith barely misses you.
You furiously retaliate!
You headbutt the wraith.
The boulder beetle leaps!
Your ogre goes berserk!
Something barely misses you. Something bites you!
* * * LOW HITPOINT WARNING * * *
Something draws strength from your injuries!
The wraith hits you.
You die...

......# .. #)....#
... +.....# ....
#.....#
....########.....#
.................#
.........OO......#
....B.....W......#
.......<.{@...†..#
###..[.########[##
#....
........○.....#
.......
........#.....#
.......
........#.....#
#####.. ....##..#
.B..# #.. ####
#..# ....# +..
#..# ...# #..#
...#


You could see a boulder beetle, a wraith (ally target) and 2 friendly ogres.

Vanquished Creatures
  Snorg (D:12)
  A catoblepas (D:11)
  A dancing weapon (D:10)
  2 soul eaters (D:11)
  Lodul (D:10)
  The ghost of sigtrap the Covert, a novice KoBr of Dithmenos (D:10)
  A wizard (D:11)
  Pikel (D:7)
  2 deep elf pyromancers (D:11)
  Joseph (D:10)
  An orange demon (D:11)
  A kobold demonologist (D:10)
  2 red devils (D:11)
  A hornet (D:9)
  Prince Ribbit (D:5)
  A hellwing (D:11)
  Grinder (D:6)
  3 shadows
  20 yaks
  A fire elemental (D:11)
  Edmund (D:4)
  3 water moccasins
  3 acid dragons
  2 orc warriors
  2 ice beasts (D:5)
  A sky beast (D:7)
  13 ogres
  8 centaurs
  A lemure (D:7)
  3 phantoms
  3 kobold brigands
  Blork the orc (D:6)
  3 bullfrogs
  A necrophage (D:4)
  3 scorpions (D:6)
  A water moccasin zombie (D:6)
  5 wights (D:4)
  11 killer bees (D:8)
  2 electric eels (D:9)
  4 howler monkeys
  A quasit (D:11)
  A centaur zombie (D:6)
  A human zombie (D:4)
  3 hounds
  4 jellies
  5 orc priests
  A sleepcap (D:6)
  6 orc wizards
  An iguana (D:5)
  4 mummies (D:4)
  Robin (D:4)
  4 gnolls (D:3)
  8 adders
  An ufetubus (D:4)
  An adder zombie (D:4)
  2 worms
  3 dart slugs
  32 orcs
  7 ball pythons
  4 endoplasms
  A giant cockroach (D:1)
  11 hobgoblins
  7 jackals
  6 quokkas
  4 bats
  3 frilled lizards
  9 goblins
  17 kobolds
  5 rats
268 creatures vanquished.

Vanquished Creatures (others)
  A wizard (D:11)
1 creature vanquished.

Grand Total: 269 creatures vanquished

Notes
Turn   | Place    | Note
-------+----------+-------------------------------------------
     0 | D:1      | Wiggles the Minotaur Berserker began the quest for the Orb.
     0 | D:1      | Reached XP level 1. HP: 19/19 MP: 0/0
   110 | D:1      | Reached XP level 2. HP: 27/27 MP: 1/1
   308 | D:1      | Reached skill level 4 in Axes
  1091 | D:2      | Reached XP level 3. HP: 32/34 MP: 2/2
  1181 | D:2      | Reached ** piety under Trog
  1565 | D:3      | Reached XP level 4. HP: 21/41 MP: 3/3
  1750 | D:3      | Found a faded altar of an unknown god.
  1950 | D:3      | Reached XP level 5. HP: 47/47 MP: 4/4
  2120 | D:3      | Reached skill level 5 in Axes
  2120 | D:3      | Found Ommix's Assorted Antiques.
  2176 | D:3      | Bought a slimy copper ring for 85 gold pieces
  2176 | D:3      | Identified the ring "Hyzuch" {Wiz rC+ Str+2 Slay-4} (You
                  | bought it in a shop on level 3 of the Dungeon)
  2383 | D:4      | Noticed an ogre
  2390 | D:4      | Killed an ogre
  2391 | D:4      | Reached skill level 5 in Fighting
  2391 | D:4      | Reached XP level 6. HP: 50/56 MP: 5/5
  2514 | D:4      | Found a burning altar of Makhleb.
  2625 | D:4      | Noticed Robin
  2630 | D:4      | Reached *** piety under Trog
  2642 | D:4      | Reached skill level 6 in Axes
  2642 | D:4      | Reached skill level 5 in Armour
  2644 | D:4      | Killed Robin
  2766 | D:4      | Reached XP level 7. HP: 22/60 MP: 6/6
  2893 | D:4      | Found an ancient bone altar of Kikubaaqudgha.
  3080 | D:4      | Reached skill level 7 in Axes
  3191 | D:4      | Found a blossoming altar of Fedhas.
  3223 | D:4      | Noticed Edmund
  3233 | D:4      | Killed Edmund
  3234 | D:4      | Reached XP level 8. HP: 71/71 MP: 7/7
  3485 | D:4      | Found a broken altar of Ashenzari.
  3524 | D:5      | Entered Level 5 of the Dungeon
  3594 | D:5      | Reached skill level 8 in Axes
  3862 | D:5      | Found Xiluopt's Book Shoppe.
  3930 | D:5      | Reached skill level 9 in Axes
  4238 | D:5      | Noticed Prince Ribbit
  4253 | D:5      | Killed Prince Ribbit
  4611 | D:5      | Reached skill level 10 in Axes
  4614 | D:5      | Found an iron altar of Okawaru.
  4703 | D:6      | Found a staircase to the Ecumenical Temple.
  4736 | D:6      | Reached XP level 9. HP: 78/79 MP: 8/8
  4778 | D:6      | Found a bloodstained altar of Trog.
  4852 | D:6      | Noticed Blork the orc
  4861 | D:6      | Killed Blork the orc
  5184 | D:6      | Reached skill level 11 in Axes
  5307 | D:6      | Found a hazy altar of Hepliaklqana.
  5416 | D:6      | Noticed Grinder
  5417 | D:6      | Paralysed by Grinder for 2 turns
  5422 | D:6      | Killed Grinder
  5429 | D:6      | Reached **** piety under Trog
  5457 | D:6      | Found a basalt altar of Yredelemnul.
  5935 | D:7      | Found Qatoetoz's Book Shoppe.
  6266 | D:7      | Noticed Pikel
  6276 | D:7      | Killed Pikel
  6277 | D:7      | Reached skill level 12 in Axes
  6506 | D:8      | Found Ottune's Armour Boutique.
  6667 | D:8      | Found a hide-covered altar of Uskayaw.
  6727 | D:8      | Reached XP level 10. HP: 79/88 MP: 9/9
  7040 | D:8      | Found a staircase to the Lair.
  7156 | D:8      | Found a shimmering altar of Xom.
  7341 | D:9      | Found a transporter.
  7352 | D:9      | Reached skill level 13 in Axes
  7530 | D:9      | Reached skill level 10 in Armour
  7836 | D:9      | Reached ***** piety under Trog
  7837 | D:9      | Reached skill level 14 in Axes
  7861 | D:9      | Found a transporter.
  8143 | D:9      | Found Maym's Antique Armour Shop.
  8224 | D:9      | Found Peej's Weapon Shoppe.
  8334 | D:10     | Entered Level 10 of the Dungeon
  8364 | D:10     | HP: 1/91 [yak (12)]
  8370 | D:10     | Received a gift from Trog
  8494 | D:10     | Found a glowing silver altar of Zin.
  8503 | D:10     | Found a stormy altar of Qazlal.
  8550 | D:10     | Reached XP level 11. HP: 74/99 MP: 10/10
  8649 | D:10     | Noticed Lodul
  8658 | D:10     | Killed Lodul
  8670 | D:10     | Reached skill level 15 in Axes
  8674 | D:10     | Reached skill level 10 in Fighting
  8903 | D:10     | Found a runed translucent door.
  8903 | D:10     | Found a shimmering altar of Xom.
  8903 | D:10     | Noticed sigtrap's ghost (novice KoBr)
  8905 | D:10     | Noticed a +2 mace of chaos
  8977 | D:10     | Noticed Joseph
  8990 | D:10     | Killed Joseph
  9127 | D:10     | Killed a +2 mace of chaos
  9133 | D:10     | Killed sigtrap's ghost
  9196 | D:11     | Noticed a catoblepas
  9205 | D:11     | Killed a catoblepas
  9332 | D:11     | Noticed a deep elf pyromancer
  9367 | D:11     | Noticed a soul eater
  9370 | D:11     | Noticed a soul eater
  9376 | D:11     | Killed a soul eater
  9377 | D:11     | Reached skill level 16 in Axes
  9380 | D:11     | Killed a soul eater
  9580 | D:11     | Killed a deep elf pyromancer
  9591 | D:11     | Noticed a deep elf pyromancer
 10181 | D:11     | Noticed a wizard
 10198 | D:11     | Noticed a wizard
 10323 | D:11     | Killed a deep elf pyromancer
 10324 | D:11     | Reached skill level 17 in Axes
 10324 | D:11     | Reached skill level 1 in Stealth
 10324 | D:11     | Reached XP level 12. HP: 48/110 MP: 11/11
 10715 | D:12     | Noticed Snorg
 10720 | D:12     | Noticed a boulder beetle
 10721 | D:12     | Killed Snorg
 10735 | D:12     | Noticed a boulder beetle
 10742 | D:12     | HP: 3/110 [something (8)]
 10742 | D:12     | Slain by a wraith

Illustrated notes

Levels and vault maps discovered:
D:1:      scummos_arrival_gate, layout_loops_ring
D:2:      layout_basic
D:3:      layout_rooms, serial_shops, nicolae_shop_tiny_glass,
          hellmonk_ecumenical_altar_inner_sanctum
D:4:      layout_rooms, lemuel_round_altar, fedhas_altar_2,
          lemuel_mausoleum_altar_kikubaaqudgha, lemuel_round_altar,
          minmay_crystal_room, minmay_statues_item, uniq_edmund, uniq_robin
D:5:      nicolae_cairo_tiling_large, layout_basic, kennysheep_okawaru_gauntlet,
          serial_shops, nicolae_shop_advertising_works
          [nicolae_subvault_shop_adworks], roderic_serpentine_path,
          uniq_prince_ribbit1
D:6:      layout_cave_pods, nicolae_hepliaklqana_hippocampus, bloody_trog,
          lemuel_zombie_altar_yredelemnul, minmay_temple_entry_wispy,
          uniq_blork_the_orc, uniq_grinder
D:7:      layout_loops_corners, serial_shops, nicolae_diamond_shop, uniq_pikel
D:8:      layout_cave_pools, lemuel_doored_altar,
          nicolae_uskayaw_murder_on_the_dancefloor, serial_shops, shop
D:9:      gammafunk_steamed_eel, layout_gridville, serial_shops,
          nicolae_shop_just_a_little_nook, nicolae_shop_window_shopping
D:10:     layout_rooms, mainiacjoe_overflow_large_starburst, ebering_ghost_xom,
          uniq_lodul, uniq_joseph
D:11:     cheibrodos_lost_city_excavation, layout_basic, serial_demonic,
          serial_demonic_g, serial_demonic_b, serial_demonic_f,
          serial_demonic_c, bh_walls_and_bars
D:12:     layout_gridville, erik_orc_1, minmay_misc_feat_room, uniq_snorg

Skill      XL: |  1  2  3  4  5  6  7  8  9 10 11 12 |
---------------+-------------------------------------+-----
Fighting       | 4 5 6 7 8 9 11 | 11.5
Axes           | 4 5 6 7 10 12 14 17 | 17.4
Armour         | 3 4 5 6 7 9 10 11 12 | 12.0
Dodging        | 3 4 |  4.7
Stealth        | 1 |  1.0

Action                     |  1- 3 |  4- 6 |  7- 9 | 10-12 || total
---------------------------+-------+-------+-------+-------++-------
  Melee: Hand axe          |    35 |       |       |       ||    35
         Headbutt          |     9 |    15 |    36 |    32 ||    92
         War axe           |    26 |    93 |    77 |       ||   196
         Punch             |       |     2 |     2 |       ||     4
         Battleaxe         |       |       |   108 |    92 ||   200
         Executioner's axe |       |       |       |   113 ||   113
 Invoke: Berserk           |       |     2 |     3 |     5 ||    10
         Brothers in Arms  |       |       |       |     2 ||     2
  Evoke: Wand              |       |       |       |     4 ||     4
    Use: Scroll            |       |       |    15 |     3 ||    18
         Potion            |       |       |     1 |     5 ||     6
   Stab: Sleeping          |     1 |       |       |       ||     1
 Armour: Animal skin       |     9 |       |       |       ||     9
         Scale mail        |    14 |    48 |    23 |       ||    85
         Plate armour      |       |       |   104 |   192 ||   296
  Dodge: Dodged            |    46 |    65 |    95 |   168 ||   374
